 Dungeon Crawl Stone Soup version 0.21.1-1-g345015f (webtiles) character file.

39 inc the Conjurer (level 3, -1/14 HPs)
             Began as a Felid Conjurer on Feb 20, 2018.
             Slain by a rat (2 damage)
             ... on level 3 of the Dungeon.
             The game lasted 00:06:36 (2654 turns).

inc the Conjurer (Felid Conjurer)                   Turns: 2654, Time: 00:06:36

Health: -1/14      AC:  1    Str:  4    XL:     3   Next: 26%
Magic:  7/7        EV: 18    Int: 17    God:
Gold:   38         SH:  0    Dex: 16    Spells: 5/6 levels left
                                        Lives:  0   Deaths: 1

rFire    . . .     SeeInvis +   (weapon unavailable)
rCold    . . .     Gourm    .   (shield unavailable)
rNeg     . . .     Faith    .   (armour unavailable)
rPois    .         Spirit   .   (helmet unavailable)
rElec    .         Reflect  .   (cloak unavailable)
rCorr    .         Harm     .   (gloves unavailable)
MR       .....                  (boots unavailable)
Stlth    +++.......             (no amulet)
HPRegen  0.04/turn              (no ring)
MPRegen  0.10/turn              (no ring)

@: quick
A: very small, no armour, no weapons or thrown items, stealth, claws 1, fangs 3,
see invisible, carnivore, speed 1, shaggy fur 1, slow metabolism 1, sharp paws
a: no special abilities


You were on level 3 of the Dungeon.
You were not hungry.

You visited 1 branch of the dungeon, and saw 4 of its levels.

You collected 38 gold pieces.

Inventory:

Jewellery
 o - a +4 ring of evasion {unknown}
Scrolls
 c - a scroll of magic mapping {unknown}
 e - 5 scrolls of identify {unknown}
 h - 2 scrolls of enchant weapon {unknown}
 j - 4 scrolls of teleportation {unknown}
 k - a scroll of blinking {unknown}
 l - a scroll of remove curse {unknown}
 m - a scroll of enchant armour {unknown}
 n - a scroll of immolation {unknown}
 r - a scroll of fog {unknown}
Potions
 d - a potion of haste {unknown}
 f - a potion of agility {unknown}
 g - a potion of flight {unknown}
 i - a potion of berserk rage {unknown}
 p - 2 potions of resistance {unknown}
 q - a potion of brilliance {unknown}
 s - a potion of ambrosia {unknown}
Books
 a - a book of Conjurations

   Spells                             Type                      Level
   a - Magic Dart                     Conjuration                  1
   b - Searing Ray                    Conjuration                  2
   c - Dazzling Spray                 Conjuration/Hexes            3
   d - Fulminant Prism                Conjuration/Hexes            4
   e - Force Lance                    Conjuration/Translocation    4
   f - Iskenderun's Mystic Blast      Conjuration                  4
Comestibles
 b - 7 rations


   Skills:
 - Level 2.8 Dodging
 - Level 2.7 Stealth
 - Level 2.0 Spellcasting
 + Level 5.2 Conjurations


You had 5 spell levels left.
You knew the following spells:

 Your Spells              Type           Power        Failure   Level  Hunger
a - Magic Dart            Conj           ###.         2%          1    #......


Dungeon Overview and Level Annotations

Branches:
Dungeon (4/15)
 Temple: D:4-7

Altars:
Fedhas


Innate Abilities, Weirdness & Mutations

You cannot wear armour.
You are incapable of wielding weapons or throwing items.
Your paws allow you to move quietly. (Stealth)
You have sharp claws.
You have razor-sharp teeth.
You have supernaturally acute eyesight. (SInv)
You are carnivorous and can eat meat at any time.
You cover ground quickly.
You are covered in fur. (AC +1)
You have a slow metabolism.
Your sharp claws are effective at attacking unaware monsters.


Message History

The rat completely misses you. The rat closely misses you.
The rat closely misses you. The rat bites you. The rat misses you.
The rat closely misses you. The rat closely misses you.
The rat barely misses you. The rat misses you. The rat closely misses you.
The rat bites you. The rat completely misses you. The rat bites you.
* * * LOW HITPOINT WARNING * * *
The rat bites you.
* * * LOW HITPOINT WARNING * * *
The rat misses you. The rat completely misses you. The rat bites you.
You die...

#...... ##......##
#...... #........##
#...... ..........#
###.... ..........#
##### #.### ........(.#
#...###.... ..........#
#.#........ .......r..#
#.#####.... #.>....@.#
#.# #...รท. ...........#
#.# #.....
............##.. #.####
..........#.####........
..........# .# ###.####
.###......# # ..
#....[## #....##


You could see a rat.

Vanquished Creatures
  2 adders
  2 oozes
  A dart slug (D:1)
  A leopard gecko (D:1)
  2 orcs (D:3)
  A ball python (D:1)
  3 giant cockroaches
  7 goblins
  7 hobgoblins
  3 jackals (D:2)
  6 bats
  8 frilled lizards
  6 kobolds
  6 rats
55 creatures vanquished.

Notes
Turn   | Place    | Note
-------+----------+-------------------------------------------
     0 | D:1      | inc the Felid Conjurer began the quest for the Orb.
     0 | D:1      | Reached XP level 1. HP: 7/7 MP: 4/4
   394 | D:1      | Reached skill level 4 in Conjurations
   598 | D:1      | Reached XP level 2. HP: 11/11 MP: 6/6
  1038 | D:1      | Reached XP level 3. HP: 14/14 MP: 7/7
  1613 | D:2      | Found a blossoming altar of Fedhas.
  2228 | D:3      | Reached skill level 5 in Conjurations
  2310 | D:3      | Reached XP level 4. HP: 18/18 MP: 5/8
  2614 | D:3      | Killed from afar by an orc wizard
  2615 | D:3      | Reached XP level 3. HP: -6/14 MP: 2/7
  2654 | D:3      | Slain by a rat

Skill      XL: |  1  2  3 |
---------------+----------+-----
Conjurations   | 4 5 |  5.2
Dodging        | |  2.8
Stealth        | |  2.7
Spellcasting   | |  2.0

Action                   |  1- 3 |  4- 6 || total
-------------------------+-------+-------++-------
Melee: Unarmed           |    32 |     7 ||    39
       Bite              |     1 |     1 ||     2
 Cast: Magic Dart        |    69 |    30 ||    99
 Stab: Sleeping          |    15 |       ||    15
  Eat: Chunk             |     8 |       ||     8
Armor: Skin              |     2 |       ||     2
Dodge: Dodged            |    74 |    12 ||    86
